Workbook

Sheet Plan1
A1: Nº PED | B1: SOLICITANTE | C1: MODALIDADE | D1: ELEMENTO DESPESA | E1: CÓD. COMPRASNET | F1: CURSO/SETOR | G1: QUANT. MÍNIMA | H1: QUANT. MÁXIMA | I1: UNID. | J1: DESCRIÇÃO | K1: VLR. UNIT. | L1: VLR. TOTAL QUANT. MÍNIMA | M1: VLR. TOTAL QUANT. MÁXIMA | N1: PREGÃO | O1: DATA ABERTURA | P1: ITEM PREGÃO | Q1: DATA HOMOLOG | R1: EMPRESA VENCEDORA | S1: VALOR UNIT. LICITADO | T1: VALOR TOTAL LICITADO QUANT. MÁXIMA | U1: Nº EMPENHO | V1: QTDE EMPENHADA | W1: VALOR EMP. | X1: SITUAÇÃO | Y1: DATA ENTREGA MERCAD | Z1: Nº NOTA FISCAL | AA1: SALDO QTDE | AB1: QTDE A COMPRAR | AC1: VALOR TOTAL
A2: 01/2013 | B2: RENATA PINHO | C2: DL | D2: 3.3.3.9.0.39.17 | E2: 24805 | F2: AGRO | G2: 1 | H2: 1 | I2: Un. | J2: Serviço de Ajuste e Montagem de Peças e Produtos, sendo os seguintes serviços: 01) Recuperação da estrutura de 02(dois) Viveiros com retirada da tela antiga e reposição da tela e tirantes de aço; 02) Recuperação da estrutura de 01 (uma) Estufa Agrícola com retirada e reposição de novo filme de polietileno; 03) Recuperação da estrutura da 01 (uma) Casa de Vegetação sendo retirada e instalação de novo filme de polietileno. | K2: 32064 | L2: =G2*K2 -> 32064 | M2: =H2*K2 -> 32064 | N2: Ñ APLIC | O2: Ñ APLIC | P2: Ñ APLIC | Q2: Ñ APLIC | R2: PEDIDO ANULADO
A3: 02/2013 | B3: CIRO LOPES | C3: DL | D3: 3.3.3.9.0.39.01 | E3: 23108 | F3: ADMIN | G3: 1 | H3: 1 | I3: Un. | J3: Serviço de Assinatura de acesso a banco de dados, boletim/informativo de licitações e contratos pelo período de 01 (um) ano. Campus Itaqui-RS. | K3: 7990 | L3: =G3*K3 -> 7990 | M3: =H3*K3 -> 7990 | N3: Ñ APLIC | O3: Ñ APLIC | P3: Ñ APLIC | Q3: Ñ APLIC | R3: N. P. EVENTOS E SERVIÇOS LTDA | S3: 7790 | T3: =S3*H3 -> 7790 | U3: 2013NE800519 | V3: 1 | W3: =V3*S3 -> 7790
A4: 03/2013 | B4: LUIS JUNIOR | C4: PE-SRP | D4: 3.3.3.9.0.30.24 | E4: 233636 | F4: ADMIN | G4: 1 | H4: 50 | I4: Saco | J4: Cimento Portland, material pozolânico, tipo CP-IV 32, conforme descrição em Anexo. | K4: 22.33 | L4: =G4*K4 -> 22.33 | M4: =H4*K4 -> 1116.5 | N4: 10-2013 | O4: 41459 | P4: 4 | Q4: 41477 | R4: COMERCIAL A. L. D. LTDA - ME | S4: 22.33 | T4: =H4*S4 -> 1116.5 | U4: 2014NE800665 | V4: 50 | W4: =V4*S4 -> 1116.5 | X4: ENTREGUE | Y4: 41877 | Z4: 3344 | AA4: =H4-V4 -> 0 | AB4: 50 | AC4: =AB4*S4 -> 1116.5
A5: 03/2013 | B5: LUIS JUNIOR | C5: PE-SRP | D5: 3.3.3.9.0.30.24 | E5: 16365 | F5: ADMIN | G5: 1 | H5: 50 | I5: m³ | J5: Pedra britada, conforme descrição em Anexo. | K5: 78.33 | L5: =G5*K5 -> 78.33 | M5: =H5*K5 -> 3916.5 | N5: 10-2013 | O5: 41459 | P5: 5 | Q5: 41477 | R5: HERBERTS & SCHUH LTDA | S5: 85 | T5: =H5*S5 -> 4250 | U5: 2014NE800666 | V5: 50 | W5: =V5*S5 -> 4250 | X5: ENTREGUE | Y5: 41869 | Z5: 632 | AA5: =H5-V5 -> 0 | AB5: 50 | AC5: =AB5*S5 -> 4250
A6: 03/2013 | B6: LUIS JUNIOR | C6: PE-SRP | D6: 3.3.3.9.0.30.24 | E6: 216953 | F6: ADMIN | G6: 1 | H6: 50 | I6: m³ | J6: Areia, conforme descrição em Anexo. | K6: 69.33 | L6: =G6*K6 -> 69.33 | M6: =H6*K6 -> 3466.5 | N6: 10-2013 | O6: 41459 | P6: 6 | Q6: 41477 | R6: HERBERTS & SCHUH LTDA | S6: 76.1 | T6: =H6*S6 -> 3805 | U6: 2014NE800666 | V6: 50 | W6: =V6*S6 -> 3805 | X6: ENTREGUE | Y6: 41869 | Z6: 633 | AA6: =H6-V6 -> 0 | AB6: 50 | AC6: =AB6*S6 -> 3805
A7: 03/2013 | B7: LUIS JUNIOR | C7: PE-SRP | D7: 3.3.3.9.0.30.24 | E7: 150803 | F7: ADMIN | G7: 1 | H7: 30 | I7: Un. | J7: Aditivo líquido para argamassa e reboco (substituto do cal) , conforme descrição em Anexo. | K7: 3.67 | L7: =G7*K7 -> 3.67 | M7: =H7*K7 -> 110.1 | N7: 10-2013 | O7: 41459 | P7: 7 | Q7: 41477 | R7: HERBERTS & SCHUH LTDA | S7: 2.5 | T7: =H7*S7 -> 75 | W7: =V7*S7 -> 0 | AA7: =H7-V7 -> 30 | AC7: =AB7*S7 -> 0
A8: 03/2013 | B8: LUIS JUNIOR | C8: PE-SRP | D8: 3.3.3.9.0.30.24 | E8: 30724 | F8: ADMIN | G8: 1 | H8: 10 | I8: Galão | J8: Tinta esmalte sintético na cor bege, galão de 3600 ml, conforme descrição em Anexo. | K8: 55.68 | L8: =G8*K8 -> 55.68 | M8: =H8*K8 -> 556.8 | N8: 10-2013 | O8: 41459 | P8: 8 | Q8: 41477 | R8: HERBERTS & SCHUH LTDA | S8: 45 | T8: =H8*S8 -> 450 | U8: 2014NE800422 | V8: 4 | W8: =V8*S8 -> 180 | X8: ENTREGUE | Y8: 41800 | Z8: 502 | AA8: =H8-V8 -> 6 | AB8: 2 | AC8: =AB8*S8 -> 90
J9: Tinta esmalte sintético na cor bege, galão de 3600 ml, conforme descrição em Anexo. | K9: 55.68 | L9: =G9*K9 -> 0 | M9: =H9*K9 -> 0 | N9: 10-2013 | O9: 41459 | P9: 8 | Q9: 41477 | R9: HERBERTS & SCHUH LTDA | S9: 45 | T9: =H9*S9 -> 0 | U9: 2014NE800666 | V9: 2 | W9: =V9*S9 -> 90 | X9: ENTREGUE | Y9: 41869 | Z9: 501
A10: 03/2013 | B10: LUIS JUNIOR | C10: PE-SRP | D10: 3.3.3.9.0.30.24 | E10: 30724 | F10: ADMIN | G10: 1 | H10: 5 | I10: Galão | J10: Tinta esmalte sintético na cor cinza claro, galão de 3600 ml, conforme descrição em Anexo. | K10: 39.43 | L10: =G10*K10 -> 39.43 | M10: =H10*K10 -> 197.15 | N10: 10-2013 | O10: 41459 | P10: 9 | Q10: 41477 | R10: HERBERTS & SCHUH LTDA | S10: 39.43 | T10: =H10*S10 -> 197.15 | U10: 2014NE800422 | V10: 2 | W10: =V10*S10 -> 78.86 | X10: ENTREGUE | Y10: 41800 | Z10: 502 | AA10: =H10-V10 -> 3 | AC10: =AB10*S10 -> 0
A11: 03/2013 | B11: LUIS JUNIOR | C11: PE-SRP | D11: 3.3.3.9.0.30.24 | E11: 30724 | F11: ADMIN | G11: 1 | H11: 10 | I11: Galão | J11: Tinta esmalte sintético na cor marrom, galão de 3600 ml, conforme descrição em Anexo. | K11: 37.1 | L11: =G11*K11 -> 37.1 | M11: =H11*K11 -> 371 | N11: 10-2013 | O11: 41459 | P11: 10 | Q11: 41477 | R11: ITEM CANCELADO: VALOR ABAIXO DO MERCADO | T11: =H11*S11 -> 0 | W11: =V11*S11 -> 0 | AA11: 0 | AC11: =AB11*S11 -> 0
A12: 03/2013 | B12: LUIS JUNIOR | C12: PE-SRP | D12: 3.3.3.9.0.30.24 | E12: 30678 | F12: ADMIN | G12: 1 | H12: 10 | I12: Lata | J12: Solvente para tinta, tipo aguarrás, lata de 1 litro, conforme descrição em Anexo. | K12: 8.89 | L12: =G12*K12 -> 8.89 | M12: =H12*K12 -> 88.9 | N12: 10-2013 | O12: 41459 | P12: 11 | Q12: 41477 | R12: HERBERTS & SCHUH LTDA | S12: 7 | T12: =H12*S12 -> 70 | U12: 2014NE800422 | V12: 2 | W12: =V12*S12 -> 14 | X12: ENTREGUE | Y12: 41800 | Z12: 502 | AA12: =H12-V12 -> 8 | AB12: 2 | AC12: =AB12*S12 -> 14
J13: Solvente para tinta, tipo aguarrás, lata de 1 litro, conforme descrição em Anexo. | K13: 8.89 | L13: =G13*K13 -> 0 | M13: =H13*K13 -> 0 | N13: 10-2013 | O13: 41459 | P13: 11 | Q13: 41477 | R13: HERBERTS & SCHUH LTDA | S13: 7 | T13: =H13*S13 -> 0 | U13: 2014NE800666 | V13: 2 | W13: =V13*S13 -> 14 | X13: ENTREGUE | Y13: 41869 | Z13: 501
A14: 03/2013 | B14: LUIS JUNIOR | C14: PE-SRP | D14: 3.3.3.9.0.30.24 | E14: 111368 | F14: ADMIN | G14: 1 | H14: 20 | I14: Balde | J14: Tinta acrílica fosca, cor branca, balde de 18 litros, conforme descrição em Anexo. | K14: 215.03 | L14: =G14*K14 -> 215.03 | M14: =H14*K14 -> 4300.6 | N14: 10-2013 | O14: 41459 | P14: 12 | Q14: 41477 | R14: HERBERTS & SCHUH LTDA | S14: 185 | T14: =H14*S14 -> 3700 | U14: 2014NE800422 | V14: 2 | W14: =V14*S14 -> 370 | X14: ENTREGUE | Y14: 41800 | Z14: 502 | AA14: =H14-V14 -> 18 | AB14: 2 | AC14: =AB14*S14 -> 370
J15: Tinta acrílica fosca, cor branca, balde de 18 litros, conforme descrição em Anexo. | K15: 215.03 | L15: =G15*K15 -> 0 | M15: =H15*K15 -> 0 | N15: 10-2013 | O15: 41459 | P15: 12 | Q15: 41477 | R15: HERBERTS & SCHUH LTDA | S15: 185 | T15: =H15*S15 -> 0 | U15: 2014NE800666 | V15: 2 | W15: =V15*S15 -> 370 | X15: ENTREGUE | Y15: 41869 | Z15: 501
A16: 03/2013 | B16: LUIS JUNIOR | C16: PE-SRP | D16: 3.3.3.9.0.30.24 | E16: 30848 | F16: ADMIN | G16: 1 | H16: 10 | I16: Unid. | J16: Broxa para pintura formato da base retangular, tamanho grande, conforme descrição em Anexo. | K16: 3.3 | L16: =G16*K16 -> 3.3 | M16: =H16*K16 -> 33 | N16: 10-2013 | O16: 41459 | P16: 13 | Q16: 41477 | R16: J. J. VITALLI - ME | S16: 1.65 | T16: =H16*S16 -> 16.5 | U16: 2014NE800424 | V16: 2 | W16: =V16*S16 -> 3.3 | X16: ENTREGUE | Y16: 41754 | Z16: 7221 | AA16: =H16-V16 -> 8 | AC16: =AB16*S16 -> 0
A17: 03/2013 | B17: LUIS JUNIOR | C17: PE-SRP | D17: 3.3.3.9.0.30.24 | E17: 57525 | F17: ADMIN | G17: 1 | H17: 10 | I17: Unid. | J17: Pincel de pintura predial bitola 1” (uma polegada) , conforme descrição em Anexo. | K17: 0.89 | L17: =G17*K17 -> 0.89 | M17: =H17*K17 -> 8.9 | N17: 10-2013 | O17: 41459 | P17: 14 | Q17: 41477 | R17: C. E. MACEDO E CIA LTDA - ME | S17: 0.89 | T17: =H17*S17 -> 8.9 | U17: 2014NE800427 | V17: 4 | W17: =V17*S17 -> 3.56 | X17: ENTREGUE | Y17: 41764 | Z17: 3037 | AA17: =H17-V17 -> 6 | AC17: =AB17*S17 -> 0
A18: 03/2013 | B18: LUIS JUNIOR | C18: PE-SRP | D18: 3.3.3.9.0.30.24 | E18: 57525 | F18: ADMIN | G18: 1 | H18: 10 | I18: Unid. | J18: Pincel de pintura predial bitola 2” (duas polegadas) , conforme descrição em Anexo. | K18: 1.6 | L18: =G18*K18 -> 1.6 | M18: =H18*K18 -> 16 | N18: 10-2013 | O18: 41459 | P18: 15 | Q18: 41477 | R18: C. E. MACEDO E CIA LTDA - ME | S18: 1.6 | T18: =H18*S18 -> 16 | U18: 2014NE800427 | V18: 4 | W18: =V18*S18 -> 6.4 | X18: ENTREGUE | Y18: 41764 | Z18: 3037 | AA18: =H18-V18 -> 6 | AC18: =AB18*S18 -> 0
A19: 03/2013 | B19: LUIS JUNIOR | C19: PE-SRP | D19: 3.3.3.9.0.30.24 | E19: 30791 | F19: ADMIN | G19: 1 | H19: 10 | I19: Unid. | J19: Rolo de espuma para pintura predial largura 5 cm, conforme descrição em Anexo. | K19: 1.56 | L19: =G19*K19 -> 1.56 | M19: =H19*K19 -> 15.6 | N19: 10-2013 | O19: 41459 | P19: 16 | Q19: 41477 | R19: J. J. VITALLI - ME | S19: 0.77 | T19: =H19*S19 -> 7.7 | U19: 2014NE800424 | V19: 4 | W19: =V19*S19 -> 3.08 | X19: ENTREGUE | Y19: 41754 | Z19: 7221 | AA19: =H19-V19 -> 6 | AB19: 6 | AC19: =AB19*S19 -> 4.62
J20: Rolo de espuma para pintura predial largura 5 cm, conforme descrição em Anexo. | N20: 10-2013 | O20: 41459 | P20: 16 | Q20: 41477 | R20: J. J. VITALLI - ME | U20: 2014NE800667 | V20: 6 | W20: =V20*S19 -> 4.62 | X20: ENTREGUE | Y20: 41815 | Z20: 7640
A21: 03/2013 | B21: LUIS JUNIOR | C21: PE-SRP | D21: 3.3.3.9.0.30.24 | E21: 30791 | F21: ADMIN | G21: 1 | H21: 10 | I21: Unid. | J21: Rolo de espuma para pintura predial largura 15 cm, conforme descrição em Anexo. | K21: 2.2 | L21: =G21*K21 -> 2.2 | M21: =H21*K21 -> 22 | N21: 10-2013 | O21: 41459 | P21: 17 | Q21: 41477 | R21: CENTER SPONCHIADO LTDA - EPP | S21: 1.4 | T21: =H21*S21 -> 14 | U21: 2014NE800668 | V21: 10 | W21: =V21*S21 -> 14 | X21: ENTREGUE | Y21: 41869 | Z21: 7200 | AA21: =H21-V21 -> 0 | AB21: 10 | AC21: =AB21*S21 -> 14
A22: 03/2013 | B22: LUIS JUNIOR | C22: PE-SRP | D22: 3.3.3.9.0.30.24 | E22: 30791 | F22: ADMIN | G22: 1 | H22: 10 | I22: Unid. | J22: Rolo de lã de carneiro para pintura predial largura 9 cm, conforme descrição em Anexo. | K22: 2.38 | L22: =G22*K22 -> 2.38 | M22: =H22*K22 -> 23.8 | N22: 10-2013 | O22: 41459 | P22: 18 | Q22: 41477 | R22: C. E. MACEDO E CIA LTDA - ME | S22: 2.15 | T22: =H22*S22 -> 21.5 | U22: 2014NE800427 | V22: 4 | W22: =V22*S22 -> 8.6 | X22: ENTREGUE | Y22: 41764 | Z22: 3037 | AA22: =H22-V22 -> 6 | AB22: 4 | AC22: =AB22*S22 -> 8.6
J23: Rolo de lã de carneiro para pintura predial largura 9 cm, conforme descrição em Anexo. | K23: 2.38 | L23: =G23*K23 -> 0 | M23: =H23*K23 -> 0 | N23: 10-2013 | O23: 41459 | P23: 18 | Q23: 41477 | R23: C. E. MACEDO E CIA LTDA - ME | S23: 2.15 | T23: =H23*S23 -> 0 | U23: 2014NE800669 | V23: 4 | W23: =V23*S23 -> 8.6 | X23: ENTREGUE | Y23: 41810 | Z23: 3116
A24: 03/2013 | B24: LUIS JUNIOR | C24: PE-SRP | D24: 3.3.3.9.0.30.24 | E24: 150941 | F24: ADMIN | G24: 10 | H24: 100 | I24: Unid. | J24: Lixa para massa, tipo grão 80, conforme descrição em Anexo. | K24: 0.65 | L24: =G24*K24 -> 6.5 | M24: =H24*K24 -> 65 | N24: 10-2013 | O24: 41459 | P24: 19 | Q24: 41477 | R24: CENTER SPONCHIADO LTDA - EPP | S24: 0.4 | T24: =H24*S24 -> 40 | U24: 2014NE800432 | V24: 40 | W24: =V24*S24 -> 16 | X24: ENTREGUE | Y24: 41764 | Z24: 6782 | AA24: =H24-V24 -> 60 | AC24: =AB24*S24 -> 0
A25: 03/2013 | B25: LUIS JUNIOR | C25: PE-SRP | D25: 3.3.3.9.0.30.24 | E25: 150941 | F25: ADMIN | G25: 10 | H25: 100 | I25: Unid. | J25: Lixa para massa, tipo grão 120, conforme descrição em Anexo. | K25: 0.47 | L25: =G25*K25 -> 4.7 | M25: =H25*K25 -> 47 | N25: 10-2013 | O25: 41459 | P25: 20 | Q25: 41477 | R25: J. J. VITALLI - ME | S25: 0.3 | T25: =H25*S25 -> 30 | U25: 2014NE800424 | V25: 40 | W25: =V25*S25 -> 12 | X25: ENTREGUE | Y25: 41754 | Z25: 7221 | AA25: =H25-V25 -> 60 | AC25: =AB25*S25 -> 0
A26: 03/2013 | B26: LUIS JUNIOR | C26: PE-SRP | D26: 3.3.3.9.0.30.24 | E26: 150941 | F26: ADMIN | G26: 10 | H26: 100 | I26: Unid. | J26: Lixa para massa, tipo grão 180, conforme descrição em Anexo. | K26: 0.48 | L26: =G26*K26 -> 4.8 | M26: =H26*K26 -> 48 | N26: 10-2013 | O26: 41459 | P26: 21 | Q26: 41477 | R26: J. J. VITALLI - ME | S26: 0.3 | T26: =H26*S26 -> 30 | U26: 2014NE800424 | V26: 40 | W26: =V26*S26 -> 12 | X26: ENTREGUE | Y26: 41754 | Z26: 7221 | AA26: =H26-V26 -> 60 | AC26: =AB26*S26 -> 0
A27: 03/2013 | B27: LUIS JUNIOR | C27: PE-SRP | D27: 3.3.3.9.0.30.24 | E27: 150739 | F27: ADMIN | G27: 1 | H27: 20 | I27: Saco | J27: Argamassa colante industrializada, flexível, tipo AC II, conforme descrição em Anexo. | K27: 21.87 | L27: =G27*K27 -> 21.87 | M27: =H27*K27 -> 437.4 | N27: 10-2013 | O27: 41459 | P27: 22 | Q27: 41477 | R27: HERBERTS & SCHUH LTDA | S27: 19.9 | T27: =H27*S27 -> 398 | W27: =V27*S27 -> 0 | AA27: =H27-V27 -> 20 | AC27: =AB27*S27 -> 0
A28: 03/2013 | B28: LUIS JUNIOR | C28: PE-SRP | D28: 3.3.3.9.0.30.24 | E28: 150739 | F28: ADMIN | G28: 1 | H28: 20 | I28: Saco | J28: Argamassa pronta para reboco industrializada, conforme descrição em Anexo. | K28: 8.38 | L28: =G28*K28 -> 8.38 | M28: =H28*K28 -> 167.6 | N28: 10-2013 | O28: 41459 | P28: 23 | Q28: 41477 | R28: COMERCIAL A. L. D. LTDA - ME | S28: 8.38 | T28: =H28*S28 -> 167.6 | W28: =V28*S28 -> 0 | AA28: =H28-V28 -> 20 | AC28: =AB28*S28 -> 0
A29: 03/2013 | B29: LUIS JUNIOR | C29: PE-SRP | D29: 3.3.3.9.0.30.24 | E29: 150455 | F29: ADMIN | G29: 1 | H29: 30 | I29: Unid. | J29: Dispenser para papel higiênico, conforme descrição em Anexo. | K29: 14 | L29: =G29*K29 -> 14 | M29: =H29*K29 -> 420 | N29: 10-2013 | O29: 41459 | P29: 24 | Q29: 41477 | R29: HERBERTS & SCHUH LTDA | S29: 12 | T29: =H29*S29 -> 360 | W29: =V29*S29 -> 0 | AA29: =H29-V29 -> 30 | AC29: =AB29*S29 -> 0
A30: 04/2013 | B30: LUIS JUNIOR | C30: PE-SRP | D30: 3.3.3.9.0.30.16 | E30: 278851 | F30: ADMIN | G30: 1 | H30: 40 | I30: Unid. | J30: Prancheta portátil, conforme descrição em Anexo. | K30: 4.77 | L30: =G30*K30 -> 4.77 | M30: =H30*K30 -> 190.8 | N30: 14-2013 | O30: 41501 | P30: 7 | Q30: 41520 | R30: RF COMERCIO DE TINTAS LTDA - ME | S30: 4.76 | T30: =H30*S30 -> 190.4 | U30: 2013NE801832 | V30: 40 | W30: =V30*S30 -> 190.4 | AA30: =H30-V30 -> 0 | AC30: =AB30*S30 -> 0
A31: 04/2013 | B31: LUIS JUNIOR | C31: PE-SRP | D31: 3.3.3.9.0.30.16 | E31: 382257 | F31: ADMIN | G31: 1 | H31: 200 | I31: Unid. | J31: Grampeador, conforme descrição em Anexo. | K31: 15.35 | L31: =G31*K31 -> 15.35 | M31: =H31*K31 -> 3070 | N31: 14-2013 | O31: 41501 | P31: 8 | Q31: 41520 | R31: TAVI PAPELARIA MATERIAIS DE ESCRITORIO E INFORMATICA LT | S31: 11.76 | T31: =H31*S31 -> 2352 | U31: 2013NE801833 | V31: 50 | W31: =V31*S31 -> 588 | X31: ENTREGUE | Y31: 41585 | Z31: 5917 | AA31: =H31-V31 -> 150 | AB31: 50 | AC31: =AB31*S31 -> 588
A32: 04/2013 | B32: LUIS JUNIOR | C32: PE-SRP | D32: 3.3.3.9.0.30.16 | E32: 150505 | F32: ADMIN | G32: 1 | H32: 2000 | I32: Unid. | J32: Arquivo escritório, tipo Pasta Suspensa, conforme descrição em Anexo. | K32: 1 | L32: =G32*K32 -> 1 | M32: =H32*K32 -> 2000 | N32: 14-2013 | O32: 41501 | P32: 9 | Q32: 41520 | R32: RF COMERCIO DE TINTAS LTDA - ME | S32: 0.99 | T32: =H32*S32 -> 1980 | U32: 2013NE801832 | V32: 1000 | W32: =V32*S32 -> 990 | X32: ENTREGUE | Y32: 41662 | Z32: 38 | AA32: =H32-V32 -> 1000 | AC32: =AB32*S32 -> 0
A33: 04/2013 | B33: LUIS JUNIOR | C33: PE-SRP | D33: 3.3.3.9.0.30.16 | E33: 150505 | F33: ADMIN | G33: 1 | H33: 500 | I33: Unid. | J33: Arquivo escritório, tipo Caixa Arquivo-Morto, conforme descrição em Anexo. | K33: 2.03 | L33: =G33*K33 -> 2.03 | M33: =H33*K33 -> 1015 | N33: 14-2013 | O33: 41501 | P33: 10 | Q33: 41520 | R33: RF COMERCIO DE TINTAS LTDA - ME | S33: 2.02 | T33: =H33*S33 -> 1010 | U33: 2014NE800429 | V33: 100 | W33: =V33*S33 -> 202 | AA33: =H33-V33 -> 400 | AB33: 100 | AC33: =AB33*S33 -> 202
J34: Grampeador, conforme descrição em Anexo. | K34: 15.35 | L34: =G34*K34 -> 0 | M34: =H34*K34 -> 0 | N34: 14-2013 | O34: 41501 | P34: 8 | Q34: 41520 | R34: TAVI PAPELARIA MATERIAIS DE ESCRITORIO E INFORMATICA LT | S34: 11.76 | T34: =H34*S34 -> 0 | U34: 2014NE800670 | V34: 50 | W34: =V34*S34 -> 588 | X34: ENTREGUE | Y34: 41813 | Z34: 8075
A35: 04/2013 | B35: LUIS JUNIOR | C35: PE-SRP | D35: 3.3.3.9.0.30.16 | E35: 281981 | F35: ADMIN | G35: 1 | H35: 300 | I35: Unid. | J35: Pasta arquivo, material papelão revestido de PVC, tipo catálogo, conforme descrição em Anexo. | K35: 13.33 | L35: =G35*K35 -> 13.33 | M35: =H35*K35 -> 3999 | N35: 14-2013 | O35: 41501 | P35: 11 | Q35: 41520 | R35: TAVI PAPELARIA MATERIAIS DE ESCRITORIO E INFORMATICA LT | S35: 12.45 | T35: =H35*S35 -> 3735 | U35: 2014NE800428 | V35: 200 | W35: =V35*S35 -> 2490 | X35: ENTREGUE | Y35: 41813 | Z35: 8074 | AA35: =H35-V35 -> 100 | AC35: =AB35*S35 -> 0
A36: 04/2013 | B36: LUIS JUNIOR | C36: PE-SRP | D36: 3.3.3.9.0.30.16 | E36: 33189 | F36: ADMIN | G36: 1 | H36: 100 | I36: Unid. | J36: Régua comum, material acrílico transparente, comprimento 30 cm, conforme descrição em Anexo. | K36: 0.49 | L36: =G36*K36 -> 0.49 | M36: =H36*K36 -> 49 | N36: 14-2013 | O36: 41501 | P36: 12 | Q36: 41520 | R36: G. DE OLIVEIRA E CIA LTDA - EPP | S36: 0.4 | T36: =H36*S36 -> 40 | U36: 2013NE801834 | V36: 100 | W36: =V36*S36 -> 40 | X36: ENTREGUE | Y36: 41576 | Z36: 3395 | AA36: =H36-V36 -> 0 | AC36: =AB36*S36 -> 0
A37: 04/2013 | B37: LUIS JUNIOR | C37: PE-SRP | H37: 200 | I37: Unid. | J37: Régua comum, material acrílico transparente, comprimento 30 cm, conforme descrição em Anexo. | N37: 14-2013 | O37: 41501 | P37: 12 | Q37: 41520 | R37: G. DE OLIVEIRA E CIA LTDA - EPP | S37: 0.4 | T37: =H37*S37 -> 80 | U37: 2014NE800430 | V37: 200 | W37: =V37*S37 -> 80 | X37: ENTREGUE | Y37: 41814 | Z37: 4427
A38: 04/2013 | B38: LUIS JUNIOR | C38: PE-SRP | D38: 3.3.3.9.0.30.16 | E38: 33189 | F38: ADMIN | G38: 1 | H38: 300 | I38: Unid. | J38: Régua comum, material acrílico transparente, comprimento 50 cm, conforme descrição em Anexo. | K38: 1.1 | L38: =G38*K38 -> 1.1 | M38: =H38*K38 -> 330 | N38: 14-2013 | O38: 41501 | P38: 13 | Q38: 41520 | R38: ITEM CANCELADO: VALORES ACIMA DA MÉDIA | T38: =H38*S38 -> 0 | V38: 0 | W38: =V38*S38 -> 0 | AA38: 0 | AC38: =AB38*S38 -> 0
A39: 04/2013 | B39: LUIS JUNIOR | C39: PE-SRP | D39: 3.3.3.9.0.30.16 | E39: 304451 | F39: ADMIN | G39: 1 | H39: 150 | I39: Unid. | J39: Tesoura, conforme descrição em Anexo. | K39: 10.15 | L39: =G39*K39 -> 10.15 | M39: =H39*K39 -> 1522.5 | N39: 14-2013 | O39: 41501 | P39: 14 | Q39: 41520 | R39: TAVI PAPELARIA MATERIAIS DE ESCRITORIO E INFORMATICA LT | S39: 3.11 | T39: =H39*S39 -> 466.5 | U39: 2014NE800428 | V39: 50 | W39: =V39*S39 -> 155.5 | X39: ENTREGUE | Y39: 41813 | Z39: 8074 | AA39: =H39-V39 -> 100 | AB39: 100 | AC39: =AB39*S39 -> 311
J40: Tesoura, conforme descrição em Anexo. | K40: 10.15 | L40: =G40*K40 -> 0 | M40: =H40*K40 -> 0 | N40: 14-2013 | O40: 41501 | P40: 14 | Q40: 41520 | R40: TAVI PAPELARIA MATERIAIS DE ESCRITORIO E INFORMATICA LT | S40: 3.11 | T40: =H40*S40 -> 0 | U40: 2014NE800670 | V40: 100 | W40: =V40*S40 -> 311 | X40: ENTREGUE | Y40: 41813 | Z40: 8075
A41: 04/2013 | B41: LUIS JUNIOR | C41: PE-SRP | D41: 3.3.3.9.0.30.16 | E41: 150572 | F41: ADMIN | G41: 1 | H41: 100 | I41: Unid. | J41: Lâmina Estilete, corpo em plástico reforçado, conforme descrição em Anexo. | K41: 7.06 | L41: =G41*K41 -> 7.06 | M41: =H41*K41 -> 706 | N41: 14-2013 | O41: 41501 | P41: 15 | Q41: 41520 | R41: TAVI PAPELARIA MATERIAIS DE ESCRITORIO E INFORMATICA LT | S41: 5.18 | T41: =H41*S41 -> 518 | U41: 2014NE800670 | V41: 100 | W41: =V41*S41 -> 518 | X41: ENTREGUE | Y41: 41813 | Z41: 8075 | AA41: =H41-V41 -> 0 | AB41: 100 | AC41: =AB41*S41 -> 518
J42: Arquivo escritório, tipo Caixa Arquivo-Morto, conforme descrição em Anexo. | K42: 2.03 | L42: =G42*K42 -> 0 | M42: =H42*K42 -> 0 | N42: 14-2013 | O42: 41501 | P42: 10 | Q42: 41520 | R42: RF COMERCIO DE TINTAS LTDA - ME | S42: 2.02 | T42: =H42*S42 -> 0 | U42: 2014NE800671 | V42: 100 | W42: =V42*S42 -> 202
A43: 04/2013 | B43: LUIS JUNIOR | C43: PE-SRP | D43: 3.3.3.9.0.30.16 | E43: 206995 | F43: ADMIN | G43: 1 | H43: 100 | I43: Rolo | J43: Barbante algodão, conforme descrição em Anexo. | K43: 4.8 | L43: =G43*K43 -> 4.8 | M43: =H43*K43 -> 480 | N43: 14-2013 | O43: 41501 | P43: 16 | Q43: 41520 | R43: RF COMERCIO DE TINTAS LTDA - ME | S43: 4.8 | T43: =H43*S43 -> 480 | U43: 2013NE801832 | V43: 50 | W43: =V43*S43 -> 240 | AA43: =H43-V43 -> 50 | AC43: =AB43*S43 -> 0
A44: 04/2013 | B44: LUIS JUNIOR | C44: PE-SRP | D44: 3.3.3.9.0.30.16 | E44: 278968 | F44: ADMIN | G44: 1 | H44: 200 | I44: Rolo | J44: Fita adesiva, material crepe, conforme descrição em Anexo. | K44: 2.47 | L44: =G44*K44 -> 2.47 | M44: =H44*K44 -> 494 | N44: 14-2013 | O44: 41501 | P44: 17 | Q44: 41520 | R44: CRS COMERCIAL ELETRICA LTDA. - ME | S44: 2.2 | T44: =H44*S44 -> 440 | U44: 2013NE801835 | V44: 50 | W44: =V44*S44 -> 110 | X44: ENTREGUE | Y44: 41585 | Z44: 739 | AA44: =H44-V44-V45 -> 100 | AB44: 50 | AC44: =AB44*S44 -> 110
J45: Fita adesiva, material crepe, conforme descrição em Anexo. | K45: 2.47 | L45: =G45*K45 -> 0 | M45: =H45*K45 -> 0 | N45: 14-2013 | O45: 41501 | P45: 17 | Q45: 41520 | R45: CRS COMERCIAL ELETRICA LTDA. - ME | S45: 2.2 | T45: =H45*S45 -> 0 | U45: 2014NE800672 | V45: 50 | W45: =V45*S45 -> 110 | X45: ENTREGUE | Y45: 41859 | Z45: 891
A46: 04/2013 | B46: LUIS JUNIOR | C46: PE-SRP | D46: 3.3.3.9.0.30.16 | E46: 391988 | F46: ADMIN | G46: 1 | H46: 200 | I46: Rolo | J46: Fita adesiva, material crepe, conforme descrição em Anexo. | K46: 5.24 | L46: =G46*K46 -> 5.24 | M46: =H46*K46 -> 1048 | N46: 14-2013 | O46: 41501 | P46: 18 | Q46: 41520 | R46: CENTER SPONCHIADO LTDA - EPP | S46: 4.48 | T46: =H46*S46 -> 896 | U46: 2013NE801836 | V46: 50 | W46: =V46*S46 -> 224 | X46: ENTREGUE | Y46: 41603 | Z46: 6324 | AA46: =H46-V46 -> 150 | AB46: 50 | AC46: =AB46*S46 -> 224
J47: Fita adesiva, material crepe, conforme descrição em Anexo. | K47: 5.24 | L47: =G47*K47 -> 0 | M47: =H47*K47 -> 0 | N47: 14-2013 | O47: 41501 | P47: 18 | Q47: 41520 | R47: CENTER SPONCHIADO LTDA - EPP | S47: 4.48 | T47: =H47*S47 -> 0 | U47: 2014NE800673 | V47: 50 | W47: =V47*S47 -> 224 | X47: ENTREGUE | Y47: 41869 | Z47: 7201
A48: 04/2013 | B48: LUIS JUNIOR | C48: PE-SRP | D48: 3.3.3.9.0.30.16 | E48: 279046 | F48: ADMIN | G48: 1 | H48: 200 | I48: Rolo | J48: Fita adesiva, material polipropileno, conforme descrição em Anexo. | K48: 0.41 | L48: =G48*K48 -> 0.41 | M48: =H48*K48 -> 82 | N48: 14-2013 | O48: 41501 | P48: 19 | Q48: 41520 | R48: ITEM CANCELADO: VALORES ACIMA DA MÉDIA | T48: =H48*S48 -> 0 | W48: =V48*S48 -> 0 | AA48: 0 | AC48: =AB48*S48 -> 0
A49: 04/2013 | B49: LUIS JUNIOR | C49: PE-SRP | D49: 3.3.3.9.0.30.16 | E49: 327419 | F49: ADMIN | G49: 1 | H49: 100 | I49: Caixa | J49: Etiqueta adesiva, conforme descrição em Anexo. | K49: 15.63 | L49: =G49*K49 -> 15.63 | M49: =H49*K49 -> 1563 | N49: 14-2013 | O49: 41501 | P49: 20 | Q49: 41520 | R49: PAULO RICARDO IRALA DA ROSA 60629037000 | S49: 15.42 | T49: =H49*S49 -> 1542 | W49: =V49*S49 -> 0 | AA49: =H49-V49 -> 100 | AC49: =AB49*S49 -> 0
A50: 04/2013 | B50: LUIS JUNIOR | C50: PE-SRP | D50: 3.3.3.9.0.30.16 | E50: 241162 | F50: ADMIN | G50: 1 | H50: 100 | I50: Unid. | J50: Caneta permanente, conforme descrição em Anexo. | K50: 0 | L50: =G50*K50 -> 0 | M50: =H50*K50 -> 0 | N50: ITEM SUPRIMIDO DO PEDIDO DEVIDO A PROBLEMA NA COTAÇÃO DE PREÇO | AA50: 0 | AC50: =AB50*S50 -> 0
A51: 04/2013 | B51: LUIS JUNIOR | C51: PE-SRP | D51: 3.3.3.9.0.30.16 | E51: 233843 | F51: ADMIN | G51: 1 | H51: 100 | I51: Unid. | J51: Folha isopor, conforme descrição em Anexo. | K51: 3.29 | L51: =G51*K51 -> 3.29 | M51: =H51*K51 -> 329 | N51: 14-2013 | O51: 41501 | P51: 21 | Q51: 41520 | R51: ITEM CANCELADO: VALORES ACIMA DA MÉDIA | T51: =H51*S51 -> 0 | W51: =V51*S51 -> 0 | AA51: 0 | AC51: =AB51*S51 -> 0
A52: 05/2013 | B52: RODRIGO PINHEIRO | C52: PE-SRP | D52: 3.3.3.9.0.30.24 | E52: 214735 | F52: AGRO | G52: 1 | H52: 50 | I52: TBO | J52: Tubo pvc soldável, conforme descrição em Anexo. | K52: 55.3 | L52: =G52*K52 -> 55.3 | M52: =H52*K52 -> 2765 | N52: 10-2013 | O52: 41459 | P52: 25 | Q52: 41477 | R52: COMERCIAL A. L. D. LTDA - ME | S52: 55.3 | T52: =H52*S52 -> 2765 | U52: 2013NE801827 | V52: 50 | W52: =V52*S52 -> 2765 | X52: ENTREGUE | Y52: 41596 | Z52: 2394 | AA52: =H52-V52 -> 0 | AC52: =AB52*S52 -> 0
A53: 05/2013 | B53: RODRIGO PINHEIRO | C53: PE-SRP | D53: 3.3.3.9.0.30.24 | E53: 340431 | F53: AGRO | G53: 1 | H53: 267 | I53: UN | J53: Tubo pvc roscável, conforme descrição em Anexo. | K53: 64.53 | L53: =G53*K53 -> 64.53 | M53: =H53*K53 -> 17229.51 | N53: 10-2013 | O53: 41459 | P53: 26 | Q53: 41477 | R53: TROIANA EQUIPAMENTOS LTDA - ME | S53: 58.99 | T53: =H53*S53 -> 15750.33 | U53: 2013NE801828 | V53: 267 | W53: =V53*S53 -> 15750.33 | Y53: 41765 | Z53: 4340 E 5797 | AA53: =H53-V53 -> 0 | AC53: =AB53*S53 -> 0
A54: 05/2013 | B54: RODRIGO PINHEIRO | C54: PE-SRP | D54: 3.3.3.9.0.30.24 | E54: 51527 | F54: AGRO | G54: 1 | H54: 400 | I54: UN | J54: Ripamento para telhado, conforme descrição em Anexo. | K54: 11.78 | L54: =G54*K54 -> 11.78 | M54: =H54*K54 -> 4712 | N54: 10-2013 | O54: 41459 | P54: 27 | Q54: 41477 | R54: COMERCIAL A. L. D. LTDA - ME | S54: 6.45 | T54: =H54*S54 -> 2580 | W54: =V54*S54 -> 0 | AA54: =H54-V54 -> 400 | AC54: =AB54*S54 -> 0
A55: 05/2013 | B55: RODRIGO PINHEIRO | C55: PE-SRP | D55: 3.3.3.9.0.30.24 | E55: 30724 | F55: AGRO | G55: 1 | H55: 15 | I55: GL | J55: Tinta esmalte sintético na cor branca, galão de 3600 ml, conforme descrição em Anexo. | K55: 41.67 | L55: =G55*K55 -> 41.67 | M55: =H55*K55 -> 625.05 | N55: 10-2013 | O55: 41459 | P55: 28 | Q55: 41477 | R55: HERBERTS & SCHUH LTDA | S55: 41 | T55: =H55*S55 -> 615 | W55: =V55*S55 -> 0 | AA55: =H55-V55 -> 15 | AC55: =AB55*S55 -> 0
A56: 06/2013 | B56: RODRIGO PINHEIRO | C56: PE-SRP | D56: 3.3.3.9.0.30.26 | E56: 248921 | F56: AGRO | G56: 1 | H56: 3 | I56: UN | J56: Bateria automotiva, conforme descrição em Anexo. | K56: 328 | L56: =G56*K56 -> 328 | M56: =H56*K56 -> 984 | N56: 10-2013 | O56: 41459 | P56: 29 | Q56: 41477 | R56: OESTE BATERIAS E PEÇAS AUTOMOTIVAS LTDA - ME | S56: 291.85 | T56: =H56*S56 -> 875.55 | W56: =V56*S56 -> 0 | AA56: =H56-V56 -> 3 | AC56: =AB56*S56 -> 0
A57: 06/2013 | B57: RODRIGO PINHEIRO | C57: PE-SRP | D57: 3.3.3.9.0.30.26 | E57: 194020 | F57: AGRO | G57: 1 | H57: 10 | I57: UN | J57: Fio para cerca elétrica, conforme descrição em Anexo. | K57: 76.46 | L57: =G57*K57 -> 76.46 | M57: =H57*K57 -> 764.6 | N57: 10-2013 | O57: 41459 | P57: 30 | Q57: 41477 | R57: ITEM CANCELADO: INEXISTÊNCIA DE PROPOSTAS | T57: =H57*S57 -> 0 | W57: =V57*S57 -> 0 | AA57: 0 | AC57: =AB57*S57 -> 0
A58: 07/2013 | B58: RODRIGO PINHEIRO | C58: PE-SRP | D58: 3.3.3.9.0.30.19 | E58: 150577 | F58: AGRO | G58: 1 | H58: 5 | I58: Fardo | J58: Saco de Papel Kraft, capacidade 1 kg, conforme descrição em Anexo. | K58: 34.56 | L58: =G58*K58 -> 34.56 | M58: =H58*K58 -> 172.8 | N58: 10-2013 | O58: 41459 | P58: 31 | Q58: 41477 | R58: ITEM CANCELADO: VALORES ACIMA DA MÉDIA | T58: =H58*S58 -> 0 | W58: =V58*S58 -> 0 | AA58: 0 | AC58: =AB58*S58 -> 0
A59: 07/2013 | B59: RODRIGO PINHEIRO | C59: PE-SRP | D59: 3.3.3.9.0.30.19 | E59: 150577 | F59: AGRO | G59: 1 | H59: 5 | I59: Fardo | J59: Saco de Papel Kraft, capacidade 5 kg, conforme descrição em Anexo. | K59: 9.27 | L59: =G59*K59 -> 9.27 | M59: =H59*K59 -> 46.35 | N59: 10-2013 | O59: 41459 | P59: 32 | Q59: 41477 | R59: ITEM CANCELADO: VALORES ACIMA DA MÉDIA | T59: =H59*S59 -> 0 | W59: =V59*S59 -> 0 | AA59: 0 | AC59: =AB59*S59 -> 0
A60: 07/2013 | B60: RODRIGO PINHEIRO | C60: PE-SRP | D60: 3.3.3.9.0.30.19 | E60: 150577 | F60: AGRO | G60: 1 | H60: 5 | I60: Fardo | J60: Saco de Papel Kraft, capacidade 10 kg, conforme descrição em Anexo. | K60: 240.5 | L60: =G60*K60 -> 240.5 | M60: =H60*K60 -> 1202.5 | N60: 10-2013 | O60: 41459 | P60: 33 | Q60: 41477 | R60: MOREIRA & ZACHARKO LTDA - ME | S60: 239.77 | T60: =H60*S60 -> 1198.85 | U60: 2014NE800664 | V60: 5 | W60: =V60*S60 -> 1198.85 | X60: ENTREGUE | Y60: 41816 | Z60: 1790 | AA60: =H60-V60 -> 0 | AB60: 5 | AC60: =AB60*S60 -> 1198.85
A61: 07/2013 | B61: RODRIGO PINHEIRO | C61: PE-SRP | D61: 3.3.3.9.0.30.19 | E61: 27987 | F61: AGRO | G61: 1 | H61: 500 | I61: UN | J61: Vaso de planta, vaso plástico para planta, cor branco, número 4, conforme descrição em Anexo. | K61: 3.44 | L61: =G61*K61 -> 3.44 | M61: =H61*K61 -> 1720 | N61: 10-2013 | O61: 41459 | P61: 34 | Q61: 41477 | R61: E. V. SALDANHA & CIA LTDA - ME | S61: 3.44 | T61: =H61*S61 -> 1720 | U61: 2013NE801829 | V61: 100 | W61: =V61*S61 -> 344 | X61: ENTREGUE | Y61: 41709 | Z61: 1901 | AA61: =H61-V61 -> 400 | AC61: =AB61*S61 -> 0
A62: 07/2013 | B62: RODRIGO PINHEIRO | C62: PE-SRP | D62: 3.3.3.9.0.30.19 | E62: 27987 | F62: AGRO | G62: 1 | H62: 2000 | I62: UN | J62: Vaso de planta, vaso plástico para planta, cor branco, número 5, conforme descrição em Anexo. | K62: 4.06 | L62: =G62*K62 -> 4.06 | M62: =H62*K62 -> 8120 | N62: 10-2013 | O62: 41459 | P62: 35 | Q62: 41477 | R62: E. V. SALDANHA & CIA LTDA - ME | S62: 4.06 | T62: =H62*S62 -> 8120 | U62: 2013NE801829 | V62: 100 | W62: =V62*S62 -> 406 | X62: ENTREGUE | Y62: 41709 | Z62: 1901 | AA62: =H62-V62 -> 1900 | AC62: =AB62*S62 -> 0
A63: 08/2013 | B63: LUIS JUNIOR | C63: DL | D63: 3.3.3.9.0.39.43 | E63: 4120 | F63: ADMIN | G63: 12 | H63: 12 | I63: Mês | J63: Valor por estimativa do fornecimento de energia elétrica para os meses de Abril/2013 a Março/2014 para o campus Itaqui. Aumento de demanda contratada. | K63: 10000 | L63: =G63*K63 -> 120000 | M63: =H63*K63 -> 120000
A64: 09/2013 | B64: CRISTIANO JESSE | C64: PE-SRP | D64: 3.3.3.9.0.30.06 | E64: 311337 | F64: NUT | G64: 1 | H64: 150 | I64: Saco | J64: Ração camundongo, conforme descrição em Anexo. | K64: 62.39 | L64: =G64*K64 -> 62.39 | M64: =H64*K64 -> 9358.5 | N64: 18-2013 | O64: 41509 | P64: 10 | Q64: 41520 | R64: CR TEIXEIRA & CIA LTDA - ME | S64: 60 | T64: =H64*S64 -> 9000 | U64: 2013NE801819 | V64: 50 | W64: =V64*S64 -> 3000 | X64: ENTREGA PARCELADA | Y64: 41941 | Z64: 374, 379, 403, 418, 441, 453, 477 E 489 | AA64: =H64-V64-V65 -> 50 | AB64: 50 | AC64: =AB64*S64 -> 3000
J65: Ração camundongo, conforme descrição em Anexo. | K65: 62.39 | L65: =G65*K65 -> 0 | M65: =H65*K65 -> 0 | N65: 18-2013 | O65: 41509 | P65: 10 | Q65: 41520 | R65: CR TEIXEIRA & CIA LTDA - ME | S65: 60 | T65: =H65*S65 -> 0 | U65: 2014NE800725 | V65: 50 | W65: =V65*S65 -> 3000 | X65: ENTREGA PARCELADA | Y65: 41990 | Z65: 514, 521
A66: 10/2013 | B66: CRISTIANO JESSE | C66: PE-SRP | D66: 3.3.3.9.0.30.11 | E66: 333554 | F66: NUT | G66: 1 | H66: 4 | I66: Teste | J66: Reagente para diagnóstico clínico, tipo conjunto completo para automação, tipo de análise quantitativo de interleucina 1 beta, conforme descrição em Anexo. | K66: 3890 | L66: =G66*K66 -> 3890 | M66: =H66*K66 -> 15560 | N66: 18-2013 | O66: 41509 | P66: 11 | Q66: 41520 | R66: GENESE PRODUTOS DIAGNOSTICOS LTDA | S66: 3880 | T66: =H66*S66 -> 15520 | W66: =V66*S66 -> 0 | AA66: =H66-V66 -> 4 | AC66: =AB66*S66 -> 0
A67: 10/2013 | B67: CRISTIANO JESSE | C67: PE-SRP | D67: 3.3.3.9.0.30.11 | E67: 333555 | F67: NUT | G67: 1 | H67: 4 | I67: Teste | J67: Reagente para diagnóstico clínico, tipo conjunto completo para automação, tipo de análise quantitativo de interleucina 6, conforme descrição em Anexo. | K67: 3976.67 | L67: =G67*K67 -> 3976.67 | M67: =H67*K67 -> 15906.68 | N67: 18-2013 | O67: 41509 | P67: 12 | Q67: 41520 | R67: GENESE PRODUTOS DIAGNOSTICOS LTDA | S67: 3960 | T67: =H67*S67 -> 15840 | W67: =V67*S67 -> 0 | AA67: =H67-V67 -> 4 | AC67: =AB67*S67 -> 0
A68: 10/2013 | B68: CRISTIANO JESSE | C68: PE-SRP | D68: 3.3.3.9.0.30.11 | E68: 351141 | F68: NUT | G68: 1 | H68: 4 | I68: Teste | J68: Reagente para diagnóstico clínico, tipo conjunto completo para automação, tipo de análise quantitativo de cortisol total, conforme descrição em Anexo. | K68: 3675 | L68: =G68*K68 -> 3675 | M68: =H68*K68 -> 14700 | N68: 18-2013 | O68: 41509 | P68: 13 | Q68: 41520 | R68: AJMN - COMERCIO DE PRODUTOS CIENTIFICOS LTDA - EPP | S68: 540 | T68: =H68*S68 -> 2160 | W68: =V68*S68 -> 0 | AA68: =H68-V68 -> 4 | AC68: =AB68*S68 -> 0
A69: 10/2013 | B69: CRISTIANO JESSE | C69: PE-SRP | D69: 3.3.3.9.0.30.11 | E69: 340714 | F69: NUT | G69: 1 | H69: 3 | I69: Teste | J69: Reagente para diagnóstico clínico, tipo conjunto completo para automação, tipo de análise quantitativo de testosterona, conforme descrição em Anexo. | K69: 3580 | L69: =G69*K69 -> 3580 | M69: =H69*K69 -> 10740 | N69: 18-2013 | O69: 41509 | P69: 14 | Q69: 41520 | R69: AJMN - COMERCIO DE PRODUTOS CIENTIFICOS LTDA - EPP | S69: 540 | T69: =H69*S69 -> 1620 | W69: =V69*S69 -> 0 | AA69: =H69-V69 -> 3 | AC69: =AB69*S69 -> 0
A70: 10/2013 | B70: CRISTIANO JESSE | C70: PE-SRP | D70: 3.3.3.9.0.30.11 | E70: 357108 | F70: NUT | G70: 1 | H70: 3 | I70: Teste | J70: Reagente para diagnóstico clínico, tipo conjunto completo para automação, tipo de análise quantitativo de fator de necrose tumoral alfa, conforme descrição em Anexo. | K70: 4013.34 | L70: =G70*K70 -> 4013.34 | M70: =H70*K70 -> 12040.02 | N70: 18-2013 | O70: 41509 | P70: 15 | Q70: 41520 | R70: GENESE PRODUTOS DIAGNOSTICOS LTDA | S70: 3999 | T70: =H70*S70 -> 11997 | W70: =V70*S70 -> 0 | AA70: =H70-V70 -> 3 | AC70: =AB70*S70 -> 0
A71: 10/2013 | B71: CRISTIANO JESSE | C71: PE-SRP | D71: 3.3.3.9.0.30.11 | E71: 412683 | F71: NUT | G71: 1 | H71: 6 | I71: Teste | J71: Reagente para diagnóstico clínico, tipo conjunto completo para automação, tipo de análise quantitativo de adenosina deaminase, conforme descrição em Anexo. | K71: 711.67 | L71: =G71*K71 -> 711.67 | M71: =H71*K71 -> 4270.02 | N71: 18-2013 | O71: 41509 | P71: 16 | Q71: 41520 | R71: ITEM CANCELADO: INEXISTÊNCIA DE PROPOSTAS | T71: =H71*S71 -> 0 | W71: =V71*S71 -> 0 | AA71: 0 | AC71: =AB71*S71 -> 0
A72: 10/2013 | B72: CRISTIANO JESSE | C72: PE-SRP | D72: 3.3.3.9.0.30.11 | E72: 394837 | F72: NUT | G72: 25 | H72: 625 | I72: Grama | J72: Beta-nicotinamida adenina dinucleotídeo, conforme descrição em Anexo. | K72: 23.85 | L72: =G72*K72 -> 596.25 | M72: =H72*K72 -> 14906.25 | N72: 18-2013 | O72: 41509 | P72: 17 | Q72: 41520 | R72: ITEM CANCELADO: VALORES ACIMA DA MÉDIA | T72: =H72*S72 -> 0 | W72: =V72*S72 -> 0 | AA72: 0 | AC72: =AB72*S72 -> 0
A73: 11/2013 | B73: LUIS JUNIOR | C73: PE-SRP | D73: 3.3.3.9.0.33.05 | E73: 4391 | F73: ADMIN | G73: 100 | H73: 10000 | I73: Km | J73: Transporte Rodoviário pessoal por coletivos, para viagens Interestaduais, conforme descrição em Anexo. | K73: 4.4 | L73: =G73*K73 -> 440 | M73: =H73*K73 -> 44000 | N73: 16-2013 | O73: 41499 | P73: 8 | Q73: 41507 | R73: ARGENTA TURISMO E VIAGENS LTDA - ME | S73: 3.7 | T73: =H73*S73 -> 37000 | AA73: =H73-V73 -> 10000 | AC73: =AB73*S73 -> 0
A74: 11/2013 | B74: LUIS JUNIOR | C74: PE-SRP | D74: 3.3.3.9.0.33.05 | E74: 4391 | F74: ADMIN | G74: 100 | H74: 10000 | I74: Km | J74: Transporte Rodoviário pessoal por coletivos, para viagens Internacionais, conforme descrição em Anexo. | K74: 5.13 | L74: =G74*K74 -> 513 | M74: =H74*K74 -> 51300 | N74: 16-2013 | O74: 41499 | P74: 9 | Q74: 41507 | R74: EMPRESA DE TRANSPORTES KOPERECK LTDA - EPP | S74: 3.0999 | T74: =H74*S74 -> 30999 | AA74: =H74-V74 -> 10000 | AC74: =AB74*S74 -> 0
A75: 12/2013 | B75: LETÍCIA GONÇALVES (5) ROBERTO (2) | C75: PE-SRP | D75: 3.3.3.9.0.30.11 | E75: 348273 | F75: LABOR | G75: 1 | H75: 7 | I75: Litro | J75: Álcool propílico, conforme descrição em Anexo. | K75: 34.79 | L75: =G75*K75 -> 34.79 | M75: =H75*K75 -> 243.53 | N75: 18-2013 | O75: 41509 | P75: 18 | Q75: 41520 | R75: ITEM CANCELADO: INEXISTÊNCIA DE PROPOSTAS | T75: =H75*S75 -> 0 | W75: =V75*S75 -> 0 | AA75: 0 | AC75: =AB75*S75 -> 0
A76: 12/2013 | B76: LETÍCIA GONÇALVES | C76: PE-SRP | D76: 3.3.3.9.0.30.11 | E76: 366468 | F76: LABOR | G76: 500 | H76: 1000 | I76: Grama | J76: Biftalato de potássio, conforme descrição em Anexo. | K76: 0.07 | L76: =G76*K76 -> 35 | M76: =H76*K76 -> 70 | N76: 18-2013 | O76: 41509 | P76: 19 | Q76: 41520 | R76: MINAS CIENTIFICA LTDA - ME | S76: 0.07 | T76: =H76*S76 -> 70 | U76: 2013NE801822 | V76: 1000 | W76: =V76*S76 -> 70 | X76: ENTREGUE | Y76: 41688 | Z76: 21 | AA76: =H76-V76 -> 0 | AC76: =AB76*S76 -> 0
A77: 12/2013 | B77: LETÍCIA GONÇALVES | C77: PE-SRP | D77: 3.3.3.9.0.30.11 | E77: 389177 | F77: LABOR | G77: 100 | H77: 200 | I77: Grama | J77: Ácido nicotínico, conforme descrição em Anexo. | K77: 0.53 | L77: =G77*K77 -> 53 | M77: =H77*K77 -> 106 | N77: 18-2013 | O77: 41509 | P77: 20 | Q77: 41520 | R77: MINAS CIENTIFICA LTDA - ME | S77: 0.53 | T77: =H77*S77 -> 106 | U77: 2013NE801822 | V77: 200 | W77: =V77*S77 -> 106 | X77: ENTREGUE | Y77: 41688 | Z77: 21 | AA77: =H77-V77 -> 0 | AC77: =AB77*S77 -> 0
A78: 12/2013 | B78: LETÍCIA GONÇALVES | C78: PE-SRP | D78: 3.3.3.9.0.30.11 | E78: 354896 | F78: LABOR | G78: 100 | H78: 200 | I78: Grama | J78: Cloreto de cobalto ii, conforme descrição em Anexo. | K78: 0.75 | L78: =G78*K78 -> 75 | M78: =H78*K78 -> 150 | N78: 18-2013 | O78: 41509 | P78: 21 | Q78: 41520 | R78: MINAS CIENTIFICA LTDA - ME | S78: 0.59 | T78: =H78*S78 -> 118 | U78: 2013NE801822 | V78: 200 | W78: =V78*S78 -> 118 | X78: ENTREGUE | Y78: 41688 | Z78: 21 | AA78: =H78-V78 -> 0 | AC78: =AB78*S78 -> 0
A79: 12/2013 | B79: LETÍCIA GONÇALVES | C79: PE-SRP | D79: 3.3.3.9.0.30.11 | E79: 352803 | F79: LABOR | G79: 1 | H79: 2 | I79: Litro | J79: Dimetilsulfóxido (dmso), conforme descrição em Anexo. | K79: 62.38 | L79: =G79*K79 -> 62.38 | M79: =H79*K79 -> 124.76 | N79: 18-2013 | O79: 41509 | P79: 22 | Q79: 41520 | R79: ITEM CANCELADO: INEXISTÊNCIA DE PROPOSTAS | T79: =H79*S79 -> 0 | W79: =V79*S79 -> 0 | AA79: 0 | AC79: =AB79*S79 -> 0
A80: 12/2013 | B80: LETÍCIA GONÇALVES | C80: PE-SRP | D80: 3.3.3.9.0.30.11 | E80: 352740 | F80: LABOR | G80: 1 | H80: 15 | I80: Litro | J80: Éter de petróleo, conforme descrição em Anexo. | K80: 45.77 | L80: =G80*K80 -> 45.77 | M80: =H80*K80 -> 686.55 | N80: 18-2013 | O80: 41509 | P80: 23 | Q80: 41520 | R80: MINAS CIENTIFICA LTDA - ME | S80: 42 | T80: =H80*S80 -> 630 | U80: 2013NE801822 | V80: 15 | W80: =V80*S80 -> 630 | X80: ENTREGUE | Y80: 41688 | Z80: 21 | AA80: =H80-V80 -> 0 | AC80: =AB80*S80 -> 0
A81: 12/2013 | B81: LETÍCIA GONÇALVES | C81: PE-SRP | D81: 3.3.3.9.0.30.11 | E81: 359287 | F81: LABOR | G81: 100 | H81: 100 | I81: Grama | J81: Sulfato de prata, conforme descrição em Anexo. | K81: 6.01 | L81: =G81*K81 -> 601 | M81: =H81*K81 -> 601 | N81: 18-2013 | O81: 41509 | P81: 24 | Q81: 41520 | R81: PHGEN COMERCIO DE PRODUTOS MEDICOS EIRELI - EPP | S81: 5.64 | T81: =H81*S81 -> 564 | U81: 2013NE801825 | V81: 100 | W81: =V81*S81 -> 564 | X81: ENTREGUE | Y81: 41852 | Z81: 170 | AA81: =H81-V81 -> 0 | AC81: =AB81*S81 -> 0
A82: 12/2013 | B82: LETÍCIA GONÇALVES (2) TIAGO (2) | C82: PE-SRP | D82: 3.3.3.9.0.30.11 | E82: 352843 | F82: LABOR | G82: 1 | H82: 4 | I82: KG | J82: Sulfato de sódio, conforme descrição em Anexo. | K82: 21.79 | L82: =G82*K82 -> 21.79 | M82: =H82*K82 -> 87.16 | N82: 18-2013 | O82: 41509 | P82: 25 | Q82: 41520 | R82: ITEM CANCELADO: INEXISTÊNCIA DE PROPOSTAS | T82: =H82*S82 -> 0 | W82: =V82*S82 -> 0 | AA82: 0 | AC82: =AB82*S82 -> 0
A83: 12/2013 | B83: LETÍCIA GONÇALVES (7) ROBERTO (1) | C83: PE-SRP | D83: 3.3.3.9.0.30.11 | E83: 348685 | F83: LABOR | G83: 1 | H83: 8 | I83: KG | J83: Tartarato de sódio e potássio, conf. descrição Anexo. | K83: 59.92 | L83: =G83*K83 -> 59.92 | M83: =H83*K83 -> 479.36 | N83: 18-2013 | O83: 41509 | P83: 26 | Q83: 41520 | R83: MINAS CIENTIFICA LTDA - ME | S83: 59.92 | T83: =H83*S83 -> 479.36 | U83: 2013NE801822 | V83: 8 | W83: =V83*S83 -> 479.36 | X83: ENTREGUE | Y83: 41688 | Z83: 21 | AA83: =H83-V83 -> 0 | AC83: =AB83*S83 -> 0
A84: 12/2013 | B84: LETÍCIA GONÇALVES | C84: PE-SRP | D84: 3.3.3.9.0.30.11 | E84: 416201 | F84: LABOR | G84: 1 | H84: 10 | I84: Litro | J84: Hipoclorito de Sódio diluído, conf. descrição em Anexo. | K84: 11.9 | L84: =G84*K84 -> 11.9 | M84: =H84*K84 -> 119 | N84: 18-2013 | O84: 41509 | P84: 27 | Q84: 41520 | R84: ITEM CANCELADO: INEXISTÊNCIA DE PROPOSTAS | T84: =H84*S84 -> 0 | W84: =V84*S84 -> 0 | AA84: 0 | AC84: =AB84*S84 -> 0
A85: 12/2013 | B85: LETÍCIA GONÇALVES | C85: PE-SRP | D85: 3.3.3.9.0.30.11 | E85: 355522 | F85: LABOR | G85: 1 | H85: 5 | I85: KG | J85: Acetato de sódio, conforme descrição em Anexo. | K85: 17.25 | L85: =G85*K85 -> 17.25 | M85: =H85*K85 -> 86.25 | N85: 18-2013 | O85: 41509 | P85: 28 | Q85: 41520 | R85: ITEM CANCELADO: VALORES ACIMA DA MÉDIA | T85: =H85*S85 -> 0 | W85: =V85*S85 -> 0 | AA85: 0 | AC85: =AB85*S85 -> 0
A86: 12/2013 | B86: LETÍCIA GONÇALVES | C86: PE-SRP | D86: 3.3.3.9.0.30.11 | E86: 347345 | F86: LABOR | G86: 1 | H86: 10 | I86: KG | J86: Ácido bórico, conforme descrição em Anexo. | K86: 19.91 | L86: =G86*K86 -> 19.91 | M86: =H86*K86 -> 199.1 | N86: 18-2013 | O86: 41509 | P86: 29 | Q86: 41520 | R86: MINAS CIENTIFICA LTDA - ME | S86: 18 | T86: =H86*S86 -> 180 | U86: 2013NE801822 | V86: 10 | W86: =V86*S86 -> 180 | X86: ENTREGUE | Y86: 41688 | Z86: 21 | AA86: =H86-V86 -> 0 | AC86: =AB86*S86 -> 0
A87: 12/2013 | B87: LETÍCIA GONÇALVES | C87: PE-SRP | D87: 3.3.3.9.0.30.11 | E87: 348255 | F87: LABOR | G87: 1 | H87: 5 | I87: Litro | J87: Álcool butílico, conforme descrição em Anexo. | K87: 29.34 | L87: =G87*K87 -> 29.34 | M87: =H87*K87 -> 146.7 | N87: 18-2013 | O87: 41509 | P87: 30 | Q87: 41520 | R87: ITEM CANCELADO: INEXISTÊNCIA DE PROPOSTAS | T87: =H87*S87 -> 0 | W87: =V87*S87 -> 0 | AA87: 0 | AC87: =AB87*S87 -> 0
A88: 12/2013 | B88: LETÍCIA GONÇALVES | C88: PE-SRP | D88: 3.3.3.9.0.30.11 | E88: 371031 | F88: LABOR | G88: 100 | H88: 200 | I88: Grama | J88: Tioacetamida (taa) , conforme descrição em Anexo. | K88: 4.12 | L88: =G88*K88 -> 412 | M88: =H88*K88 -> 824 | N88: 18-2013 | O88: 41509 | P88: 31 | Q88: 41520 | R88: MINAS CIENTIFICA LTDA - ME | S88: 4.12 | T88: =H88*S88 -> 824 | U88: 2013NE801822 | V88: 200 | W88: =V88*S88 -> 824 | X88: ENTREGUE | Y88: 41688 | Z88: 21 | AA88: =H88-V88 -> 0 | AC88: =AB88*S88 -> 0
A89: 12/2013 | B89: LETÍCIA GONÇALVES | C89: PE-SRP | D89: 3.3.3.9.0.30.11 | E89: 331456 | F89: LABOR | G89: 1 | H89: 5 | I89: Frasco | J89: Meio de cultura, caldo lactose, conforme descrição em Anexo. | K89: 137.99 | L89: =G89*K89 -> 137.99 | M89: =H89*K89 -> 689.95 | N89: 18-2013 | O89: 41509 | P89: 32 | Q89: 41520 | R89: HEKO AMBIENTAL - PRODUTOS E EQUIPAMENTOS CIENTIFICOS EI | S89: 149.9 | T89: =H89*S89 -> 749.5 | U89: 2013NE801830 | V89: 5 | W89: =V89*S89 -> 749.5 | X89: ENTREGUE | Y89: 41599 | Z89: 1198 | AA89: =H89-V89 -> 0 | AC89: =AB89*S89 -> 0
A90: 12/2013 | B90: LETÍCIA GONÇALVES | C90: PE-SRP | D90: 3.3.3.9.0.30.11 | E90: 359002 | F90: LABOR | G90: 500 | H90: 500 | I90: Grama | J90: Nitrato de chumbo, conforme descrição em Anexo. | K90: 0.3 | L90: =G90*K90 -> 150 | M90: =H90*K90 -> 150 | N90: 18-2013 | O90: 41509 | P90: 33 | Q90: 41520 | R90: MINAS CIENTIFICA LTDA - ME | S90: 0.14 | T90: =H90*S90 -> 70 | U90: 2013NE801822 | V90: 500 | W90: =V90*S90 -> 70 | X90: ENTREGUE | Y90: 41688 | Z90: 21 | AA90: =H90-V90 -> 0 | AC90: =AB90*S90 -> 0
A91: 12/2013 | B91: LETÍCIA GONÇALVES | C91: PE-SRP | D91: 3.3.3.9.0.30.11 | E91: 361551 | F91: LABOR | G91: 1 | H91: 1 | I91: Kg | J91: Óxido de zinco, conforme descrição em Anexo. | K91: 32.64 | L91: =G91*K91 -> 32.64 | M91: =H91*K91 -> 32.64 | N91: 18-2013 | O91: 41509 | P91: 34 | Q91: 41520 | R91: MINAS CIENTIFICA LTDA - ME | S91: 29.1 | T91: =H91*S91 -> 29.1 | U91: 2013NE801822 | V91: 1 | W91: =V91*S91 -> 29.1 | X91: ENTREGUE | Y91: 41688 | Z91: 21 | AA91: =H91-V91 -> 0 | AC91: =AB91*S91 -> 0
A92: 12/2013 | B92: LETÍCIA GONÇALVES | C92: PE-SRP | D92: 3.3.3.9.0.30.11 | E92: 360202 | F92: LABOR | G92: 1 | H92: 6 | I92: Litro | J92: Ácido lático, conforme descrição em Anexo. | K92: 27.28 | L92: =G92*K92 -> 27.28 | M92: =H92*K92 -> 163.68 | N92: 18-2013 | O92: 41509 | P92: 35 | Q92: 41520 | R92: MINAS CIENTIFICA LTDA - ME | S92: 27.28 | T92: =H92*S92 -> 163.68 | U92: 2013NE801822 | V92: 6 | W92: =V92*S92 -> 163.68 | X92: ENTREGUE | Y92: 41688 | Z92: 21 | AA92: =H92-V92 -> 0 | AC92: =AB92*S92 -> 0
A93: 12/2013 | B93: LETÍCIA GONÇALVES | C93: PE-SRP | D93: 3.3.3.9.0.30.11 | E93: 347317 | F93: LABOR | G93: 1 | H93: 5 | I93: Litro | J93: Ácido Nítrico, conforme descrição em Anexo. | K93: 35.79 | L93: =G93*K93 -> 35.79 | M93: =H93*K93 -> 178.95 | N93: 18-2013 | O93: 41509 | P93: 36 | Q93: 41520 | R93: ITEM CANCELADO: INEXISTÊNCIA DE PROPOSTAS | T93: =H93*S93 -> 0 | W93: =V93*S93 -> 0 | AA93: 0 | AC93: =AB93*S93 -> 0
A94: 12/2013 | B94: LETÍCIA GONÇALVES | C94: PE-SRP | D94: 3.3.3.9.0.30.11 | E94: 366464 | F94: LABOR | G94: 1 | H94: 250 | I94: G | J94: Ácido tânico, conforme descrição em Anexo. | K94: 0.26 | L94: =G94*K94 -> 0.26 | M94: =H94*K94 -> 65 | N94: 18-2013 | O94: 41509 | P94: 37 | Q94: 41520 | R94: MINAS CIENTIFICA LTDA - ME | S94: 0.26 | T94: =H94*S94 -> 65 | U94: 2013NE801822 | V94: 250 | W94: =V94*S94 -> 65 | X94: ENTREGUE | Y94: 41688 | Z94: 21 | AA94: =H94-V94 -> 0 | AC94: =AB94*S94 -> 0
A95: 12/2013 | B95: LETÍCIA GONÇALVES | C95: PE-SRP | D95: 3.3.3.9.0.30.11 | E95: 355207 | F95: LABOR | G95: 1 | H95: 13 | I95: Kg | J95: Hidróxido de sódio, conforme descrição em Anexo. | K95: 28.24 | L95: =G95*K95 -> 28.24 | M95: =H95*K95 -> 367.12 | N95: 18-2013 | O95: 41509 | P95: 38 | Q95: 41520 | R95: MINAS CIENTIFICA LTDA - ME | S95: 17 | T95: =H95*S95 -> 221 | U95: 2013NE801822 | V95: 13 | W95: =V95*S95 -> 221 | X95: ENTREGUE | Y95: 41688 | Z95: 21 | AA95: =H95-V95 -> 0 | AC95: =AB95*S95 -> 0
A96: 12/2013 | B96: LETÍCIA GONÇALVES | C96: PE-SRP | D96: 3.3.3.9.0.30.11 | E96: 380735 | F96: LABOR | G96: 500 | H96: 500 | I96: Grama | J96: Glicina, conforme descrição em Anexo. | K96: 0.11 | L96: =G96*K96 -> 55 | M96: =H96*K96 -> 55 | N96: 18-2013 | O96: 41509 | P96: 39 | Q96: 41520 | R96: ITEM CANCELADO: INEXISTÊNCIA DE PROPOSTAS | T96: =H96*S96 -> 0 | W96: =V96*S96 -> 0 | AA96: 0 | AC96: =AB96*S96 -> 0
A97: 12/2013 | B97: LETÍCIA GONÇALVES | C97: PE-SRP | D97: 3.3.3.9.0.30.11 | E97: 350143 | F97: LABOR | G97: 1 | H97: 1 | I97: L | J97: Trietanolamina, conforme descrição em Anexo. | K97: 59.17 | L97: =G97*K97 -> 59.17 | M97: =H97*K97 -> 59.17 | N97: 18-2013 | O97: 41509 | P97: 40 | Q97: 41520 | R97: ITEM CANCELADO: INEXISTÊNCIA DE PROPOSTAS | T97: =H97*S97 -> 0 | W97: =V97*S97 -> 0 | AA97: 0 | AC97: =AB97*S97 -> 0
A98: 12/2013 | B98: LETÍCIA GONÇALVES | C98: PE-SRP | D98: 3.3.3.9.0.30.11 | E98: 361165 | F98: LABOR | G98: 500 | H98: 500 | I98: Grama | J98: Ácido molíbdico, conforme descrição em Anexo. | K98: 1.12 | L98: =G98*K98 -> 560 | M98: =H98*K98 -> 560 | N98: 18-2013 | O98: 41509 | P98: 41 | Q98: 41520 | R98: MINAS CIENTIFICA LTDA - ME | S98: 0.68 | T98: =H98*S98 -> 340 | U98: 2013NE801822 | V98: 500 | W98: =V98*S98 -> 340 | X98: ENTREGUE | Y98: 41688 | Z98: 21 | AA98: =H98-V98 -> 0 | AC98: =AB98*S98 -> 0
A99: 12/2013 | B99: LETÍCIA GONÇALVES | C99: PE-SRP | D99: 3.3.3.9.0.30.11 | E99: 234416 | F99: LABOR | G99: 1 | H99: 2 | I99: Frasco | J99: Solução tampão, leitura ph 4, conforme descrição em Anexo. | K99: 16.13 | L99: =G99*K99 -> 16.13 | M99: =H99*K99 -> 32.26 | N99: 18-2013 | O99: 41509 | P99: 42 | Q99: 41520 | R99: MINAS CIENTIFICA LTDA - ME | S99: 8 | T99: =H99*S99 -> 16 | U99: 2013NE801822 | V99: 2 | W99: =V99*S99 -> 16 | X99: ENTREGUE | Y99: 41688 | Z99: 21 | AA99: =H99-V99 -> 0 | AC99: =AB99*S99 -> 0
A100: 12/2013 | B100: LETÍCIA GONÇALVES | C100: PE-SRP | D100: 3.3.3.9.0.30.11 | E100: 234417 | F100: LABOR | G100: 1 | H100: 2 | I100: Frasco | J100: Solução tampão, leitura ph 7, conforme descrição em Anexo. | K100: 13.67 | L100: =G100*K100 -> 13.67 | M100: =H100*K100 -> 27.34 | N100: 18-2013 | O100: 41509 | P100: 43 | Q100: 41520 | R100: MINAS CIENTIFICA LTDA - ME | S100: 8 | T100: =H100*S100 -> 16 | U100: 2013NE801822 | V100: 2 | W100: =V100*S100 -> 16 | X100: ENTREGUE | Y100: 41688 | Z100: 21 | AA100: =H100-V100 -> 0 | AC100: =AB100*S100 -> 0
...

Sheet Plan3
B1: DESPESAS DE CUSTEIO
B3: DISPENSAS DE LICITAÇÃO | C3: VLR NECESSÁRIO | D3: EMPENHAR EM 2013
B4: TOPOGRAPH | C4: 15470 | D4: 15470
B5: ARC GIS | C5: 26400.6 | D5: 26400.6
B6: RECARGAS GÁS | C6: 2050 | D6: 2050
B7: MANUTENÇÃO ESTUFAS | C7: 35014.67 | D7: 35014.67
B8: ALIMENTOS CTA E NUTRIÇÃO | C8: 1641.42 | D8: 1641.42
B9: TOTAL.................................................................................... | C9: =SUM(C3:C8) -> 80576.69 | D9: =SUM(D3:D8) -> 80576.69
B11: LICITAÇÕES PARA REGISTRO DE PREÇO
B12: JÁ LICITADOS
A13: 3.3.3.9.0.30.06 | B13: ALIMENTOS PARA ANIMAIS | C13: 9000 | D13: 3000 | E13: PE 18-2013 - QUANT.: 50 SACOS RAÇÃO CAMUNDONGO
A14: 3.3.3.9.0.30.11 | B14: MATERIAL QUÍMICO | C14: 47137 | D14: 0 | E14: PE 18-2013 - VER COM CRISTIANO SE LIBERARÁ RECURSO DA PESQUISA
A15: 3.3.3.9.0.30.11 | B15: MATERIAL QUÍMICO | C15: 9907.01 | D15: 9907.01 | E15: PE 18-2013
A16: 3.3.3.9.0.30.16 | B16: MATERIAL DE EXPEDIENTE | C16: 13729.9 | D16: 2382.4 | E16: PE 14-2013 - VALOR NECESSÁRIO = R$ 2.382,40
A17: 3.3.3.9.0.30.19 | B17: MATERIAL EMBALAGEM | C17: 11038.85 | D17: 750 | E17: PE 10-2013 - VER COM OS AGRONOMOS SE DÁ P/DIMINUIR VASOS E SACOS PAPEL
A18: 3.3.3.9.0.30.24 | B18: MATER MANUT BENS IMOVEIS | C18: 14799.85 | E18: PE 10-2013 - ITENS PED. L H JÚNIOR - VER O QUE DÁ PARA BAIXAR
A19: 3.3.3.9.0.30.24 | B19: MATER MANUT BENS IMOVEIS | C19: 21710.33 | D19: 18515.33 | E19: PE 10-2013 - ITENS PED. RODRIGO - VER O QUE DÁ P/BAIXAR
A20: 3.3.3.9.0.30.26 | B20: MATER ELÉTRICO | C20: 875.55 | D20: 0 | E20: PE 10-2013 - 03 BATERIAS P/CERCA ELÉTRICA
A21: 3.3.3.9.0.30.31 | B21: ADUBOS, INSUMOS E SEMENTES | C21: 29098.7 | D21: 27028.6 | E21: PE 24-2013 - ITENS PED. RODRIGO - VER O QUE DÁ P/BAIXAR
B22: TONNERS | C22: 17209.02 | D22: 10019.02
A23: 3.3.3.9.0.33.05 | B23: TRANSPORTE ÔNIBUS | C23: 1000 | D23: 1000 | E23: PE 16-2013 - JÁ EMPENHADO QUANTIDADE MÍNIMA PARA FAZER CONTRATO
B24: TOTAL.................................................................................... | C24: =SUM(C13:C23) -> 175506.21 | D24: =SUM(D13:D23) -> 72602.36
B26: AINDA NÃO LICITADOS
A27: 3.3.3.9.0.30.11 | B27: MATERIAL QUÍMICO | C27: 127794.8 | E27: PE 20-2013
A28: 3.3.3.9.0.30.21 | B28: MATERIAL COPA E COZINHA | C28: 1820.2 | E28: S/EDITAL AINDA. MATERIAL ALMOXARIFADO
A29: 3.3.3.9.0.30.22 | B29: MATERIAL LIMPEZA | C29: 34306.6 | E29: S/EDITAL AINDA. MATERIAL ALMOXARIFADO
A30: 3.3.3.9.0.30.28 | B30: EQUIP PROTEÇÃO E SEGURANÇA | C30: 17741 | E30: S/EDITAL AINDA. MATERIAL ALMOXARIFADO, LABORATÓRIOS E AGRONOMIA
A31: 3.3.3.9.0.30.35 | B31: MATERIAL LABORATORIAL | C31: 48514.6 | E31: PE 21-2013 VIDRARIAS E PLÁSTICOS
A32: 3.3.3.9.0.30.42 | B32: FERRAMENTAS | C32: 4103.8 | E32: FERRAMENTAS P/MANUTENÇÃO PREDIAL
A33: 3.3.3.9.0.30.42 | B33: FERRAMENTAS | C33: 1951.6 | E33: FERRAMENTAS P/CURSO AGRONOMIA
A34: 3.3.3.9.0.39.17 | B34: SERV RECARGAS EXTINTORES | C34: 2866.8
B35: TOTAL.................................................................................... | C35: =SUM(C27:C34) -> 239099.4
B37: DESPESAS DE INVESTIMENTO = MATERIAIS PERMANENTES
B40: MATERIAIS PERMANENTES JÁ LICITADOS
B41: EQUIP. E MÁQUINAS OFICINA | C41: 9807.99 | D41: 9807.99 | E41: PE 50-2012 - CURSO AGRONOMIA
B42: VENTILADOR DE COLUNA | C42: 8058 | D42: 2686 | E42: PE 60-2012 - QUANT. TOTAL LICITADA: 30; VALOR UNIT. R$ 268,60
B43: MICROSCÓPIO BIOLÓGICO | C43: 14999.5 | D43: 14999.5 | E43: PE 69-2012 - QUANT. LICITADA: 05; VALOR UNIT. R$ 2.999,90
B44: DIVISÓRIAS | C44: ?????
B45: Aparelho medidor pressão arterial | C45: 193.97 | D45: 193.97 | E45: ITEM 28 - PE 27/2012 - CAMPUS URUGUAIANA - CARONA AUTORIZADA EM 13/06/2013.
B46: Cafeteira industrial 8 L | C46: 415 | D46: 415 | E46: ITENS 78 (E 79) - PE 21-2012 ATA VÁLIDA ATÉ 22/10/2013.
B50: AINDA NÃO LICITADOS
B51: EQUIP MEDIÇÃO E ORIENTAÇÃO | C51: 1935.32 | E51: VÁRIOS CURSOS = PEAGÂMETROS
B52: EQUIPAMENTO LABORATORIAL | C52: 20466.56 | E52: VÁRIOS CURSOS = BLOCOS DIGESTOR, AUTOCLAVE, BOMBA VÁCUO, BANHO MARIA, DESTILADOR, ETC.
B53: SUBTOTAL........................................................................................... | C53: =SUM(C51:C52) -> 22401.88
B55: EQUIPAMENTO LABORATORIAL | C55: 286085.83 | E55: AGRONOMIA = ANALISADOR, MOINHO, AUTOCLAVE, AGITADOR, MUFLA, BLOCO DIGESTOR MACRO, ESPECTROTOMETRO
B56: UTENSÍLIOS DOMÉSTICOS | C56: 299.63 | E56: AGRONOMIA = FORNO MICROONDAS
B57: MAQ EQUIP AGRICOLAS E RODOVIARIOS | C57: 633104.63 | E57: AGRONOMIA = MAQUINÁRIO AGRÍCOLA
B58: SUBTOTAL........................................................................................... | C58: =SUM(C55:C57) -> 919490.09
B60: EQUIPAMENTO LABORATORIAL | C60: 153538.98 | E60: CTA = BANHO MARIA, AUTOCLAVE, FERMENTADOR, ULTRAFREEZER, AGITADOR, DETERMINADOR PONTO FUSÃO, ETC.
B61: UTENSÍLIOS DOMÉSTICOS | C61: 3277.8 | E61: CTA = BATEDEIRAS
B62: SUBTOTAL........................................................................................... | C62: =SUM(C60:C61) -> 156816.78
B64: EQUIPAMENTO LABORATORIAL | C64: 254105.41 | E64: NUTRIÇÃO = SIST. FOTODOCUMENTAÇÃO, BANHO SECO, CONTAINER, INCUBADORA, MICROCENTRÍFUGA, CRIOSTATO, ETC.
B65: SUBTOTAL........................................................................................... | C65: =SUM(C64) -> 254105.41
B67: MOBILIARIOS EM GERAL | C67: 5483.4 | E67: ENG. AGRIMENSURA = CADEIRAS GIRATÓRIAS LABORATÓRIO
B68: EQUIP MEDIÇÃO E ORIENTAÇÃO | C68: 72198 | E68: ENG. AGRIMENSURA = ESTAÇÕES TOTAIS
B69: SUBTOTAL........................................................................................... | C69: =SUM(C67:C68) -> 77681.4
B71: UTENSÍLIOS DOMÉSTICOS | C71: 8017.94 | E71: COORD. ADM. = SECADOR MÃOS BANHEIROS
B72: EQUIPAMENTOS DE SEGURANÇA | C72: 6580 | E72: COORD. ADM. = EXTINTORES
B73: MAQ E EQUIP ENERGETICOS | C73: 1789.5 | E73: COORD. ADM. = GERADOR
B74: MAQ INST E UTENS ESCRITORIO | C74: 1138.72 | E74: COORD. ADM. = FRAGMENTADORA PAPEL
B75: MAQ EQUIP OFICINA | C75: 3196.21 | E75: COORD. ADM. = EQUIPAMENTOS PARA MANUTENÇÃO
B76: MAQ EQUIP AGRICOLAS E RODOVIARIOS | C76: 8262.67 | E76: COORD. ADM. = MINITRATOR DE GRAMA
B77: MOBILIARIOS EM GERAL | C77: 2625.54 | E77: COORD. ADM. = TENDAS TIPO GAZEBO (2)
B78: SUBTOTAL........................................................................................... | C78: =SUM(C71:C77) -> 31610.58
B80: TOTAL................................................................................ | C80: =C53+C58+C62+C65+C69+C78 -> 1462106.1

Sheet Plan4
A1: DESCRIÇÃO | B1: PREGÃO | C1: DATA ABERTURA | D1: ITEM PREGÃO | E1: DATA HOMOLOG | F1: EMPRESA VENCEDORA | G1: QUANT. MÍNIMA | H1: QUANT. MÁXIMA | I1: UNID. | J1: VALOR UNIT. LICITADO | K1: VALOR TOTAL LICITADO QUANT. MÁXIMA | L1: Nº EMPENHO | M1: QTDE EMPENHADA | N1: VALOR EMP.
A2: Tubo pvc soldável, conforme descrição em Anexo. | B2: 10-2013 | C2: 41459 | D2: 25 | E2: 41477 | F2: COMERCIAL A. L. D. LTDA - ME | G2: 1 | H2: 50 | I2: TBO | J2: 55.3 | K2: 2765 | M2: 50 | N2: =M2*J2 -> 2765
A3: Tubo pvc roscável, conforme descrição em Anexo. | B3: 10-2013 | C3: 41459 | D3: 26 | E3: 41477 | F3: TROIANA EQUIPAMENTOS LTDA - ME | G3: 1 | H3: 267 | I3: UN | J3: 58.99 | K3: 15750.33 | M3: 267 | N3: =M3*J3 -> 15750.33
A4: Ripamento para telhado, conforme descrição em Anexo. | B4: 10-2013 | C4: 41459 | D4: 27 | E4: 41477 | F4: COMERCIAL A. L. D. LTDA - ME | G4: 1 | H4: 400 | I4: UN | J4: 6.45 | K4: 2580 | M4: 0 | N4: =M4*J4 -> 0
A5: Tinta esmalte sintético na cor branca, galão de 3600 ml, conforme descrição em Anexo. | B5: 10-2013 | C5: 41459 | D5: 28 | E5: 41477 | F5: HERBERTS & SCHUH LTDA | G5: 1 | H5: 15 | I5: GL | J5: 41 | K5: 615 | M5: 0 | N5: =M5*J5 -> 0
A6: Bateria automotiva, conforme descrição em Anexo. | B6: 10-2013 | C6: 41459 | D6: 29 | E6: 41477 | F6: OESTE BATERIAS E PEÇAS AUTOMOTIVAS LTDA - ME | G6: 1 | H6: 3 | I6: UN | J6: 291.85 | K6: 875.55 | M6: 0 | N6: =M6*J6 -> 0
A7: Saco de Papel Kraft, capacidade 10 kg, conforme descrição em Anexo. | B7: 10-2013 | C7: 41459 | D7: 33 | E7: 41477 | F7: MOREIRA & ZACHARKO LTDA - ME | G7: 1 | H7: 5 | I7: Fardo | J7: 239.77 | K7: 1198.85 | M7: 0 | N7: =M7*J7 -> 0
A8: Vaso de planta, vaso plástico para planta, cor branco, número 4, conforme descrição em Anexo. | B8: 10-2013 | C8: 41459 | D8: 34 | E8: 41477 | F8: E. V. SALDANHA & CIA LTDA - ME | G8: 1 | H8: 500 | I8: UN | J8: 3.44 | K8: 1720 | M8: 100 | N8: =M8*J8 -> 344
A9: Vaso de planta, vaso plástico para planta, cor branco, número 5, conforme descrição em Anexo. | B9: 10-2013 | C9: 41459 | D9: 35 | E9: 41477 | F9: E. V. SALDANHA & CIA LTDA - ME | G9: 1 | H9: 2000 | I9: UN | J9: 4.06 | K9: 8120 | M9: 100 | N9: =M9*J9 -> 406
A10: Adubo químico, CALCÁRIO | B10: 24-2013 | C10: 41498 | D10: 44 | E10: 41507 | F10: JOSE EURICO BRAGA CORREA - ME | G10: 1 | H10: 20 | I10: TON | J10: 207.01 | K10: 4140.2 | M10: 10 | N10: =M10*J10 -> 2070.1
A11: Adubo químico, CLORETO DE POTÁSSIO | B11: 24-2013 | C11: 41498 | D11: 45 | E11: 41507 | F11: JOSE EURICO BRAGA CORREA - ME | G11: 1 | H11: 50 | I11: SC | J11: 87.1 | K11: 4355 | M11: 50 | N11: =M11*J11 -> 4355
A12: Fertilizante natural, SUPER FOSFATO TRIPLO | B12: 24-2013 | C12: 41498 | D12: 46 | E12: 41507 | F12: JOSE EURICO BRAGA CORREA - ME | G12: 1 | H12: 50 | I12: SC | J12: 78.93 | K12: 3946.5 | M12: 50 | N12: =M12*J12 -> 3946.5
A13: Fertilizante uréia, conforme descrição em Anexo. | B13: 24-2013 | C13: 41498 | D13: 47 | E13: 41507 | F13: JOSE EURICO BRAGA CORREA - ME | G13: 1 | H13: 100 | I13: SC | J13: 78.94 | K13: 7894 | M13: 100 | N13: =M13*J13 -> 7894
... A16: Semente, tipo gramínea, AZEVÉM | B16: 24-2013 | C16: 41498 | D16: 50 | E16: 41507 | F16: JOSE EURICO BRAGA CORREA - ME | G16: 1 | H16: 300 | I16: KG | J16: 2.41 | K16: 723 | M16: 300 | N16: =M16*J16 -> 723
K17: =SUM(K2:K16) -> 62723.43 | N17: =SUM(N2:N16) -> 46293.93

Sheet Plan2
J2: VALOR A COMPRAR
A3: 33390.30.06 - CONSUMO = ALIMENTOS PARA ANIMAIS | H3: =SUMIF(Plan1!D1:D2027,"3.3.3.9.0.30.06",Plan1!M1:M2027) -> 9358.5 | J3: 9358.5
A4: 33390.30.11 - CONSUMO = REAGENTES | H4: =SUMIF(Plan1!D1:D2027,"3.3.3.9.0.30.11",Plan1!M1:M2027) -> 234397.41 | J4: 232487.79
A5: 33390.30.16 - CONSUMO = MATERIAL EXPEDIENTE | H5: =SUMIF(Plan1!D1:D2027,"3.3.3.9.0.30.16",Plan1!M1:M2027) -> 18564.3 | J5: 16976.3
A6: 33390.30.19 - CONSUMO = ACONDICIONAMENTO E EMBALAGEM | H6: =SUMIF(Plan1!D1:D2027,"3.3.3.9.0.30.19",Plan1!M1:M2027) -> 11261.65 | J6: 11038.85 | K6: CURSO AGRONOMIA = SACOS DE PAPEL, VASOS DE PLANTA
A7: 33390.30.21 - CONSUMO = COPA E COZINHA | H7: =SUMIF(Plan1!D1:D2027,"3.3.3.9.0.30.21",Plan1!M1:M2027) -> 1820.2 | J7: 1820.2 | K7: COORD. ADM. = COADOR CAFÉ, GARRAFA TÉRMICA
A8: 33390.30.22 - CONSUMO = MATERIAL DE LIMPEZA E HIGIENE | H8: =SUMIF(Plan1!D1:D2027,"3.3.3.9.0.30.22",Plan1!M1:M2027) -> 55832.29 | I8: EMPENHADO = R$ 2.505,69 | J8: 10829.7 | K8: COORD. ADM.= MATERIAL LIMPEZA ALMOXARIFADO
A9: 33390.30.24 - CONSUMO = MATERIAL MANUT. BENS IMOVEIS | H9: =SUMIF(Plan1!D1:D2027,"3.3.3.9.0.30.24",Plan1!M1:M2027) -> 43674.51 | I9: EMPENHADO = PISOS R$ 2.554,60 | J9: 36510.18 | K9: COORD. ADM. R$ 14.799,85 = ARGAMASSA, CIMENTO, AREIA, PEDRA BRITA, TINTA, PINCÉIS, LIXA; AGRONOMIA = R$ 21.710,33 = CANOS DE ÁGUA PVC, MADEIRAS E TINTA.
A10: 33390.30.25 - CONSUMO = MATERIAL MANUT. BENS MOVEIS | H10: =SUMIF(Plan1!D1:D2027,"3.3.3.9.0.30.25",Plan1!M1:M2027) -> 1449 | I10: EMPENHADO
A11: 33390.30.26 - CONSUMO = MATERIAL ELÉTRICO E ELETRONICO | H11: =SUMIF(Plan1!D1:D2027,"3.3.3.9.0.30.26",Plan1!M1:M2027) -> 1748.6 | J11: 875.55 | K11: CURSO AGRONOMIA = 03 BATERIAS AUTOMOTIVAS
A12: 33390.30.28 - CONSUMO = EQUIPAMENTO PROTEÇÃO E SEGURANÇA | H12: =SUMIF(Plan1!D$1:D$2027,"3.3.3.9.0.30.28",Plan1!M$1:M$2027) -> 17741 | J12: 3871.2 | K12: COORD. ADM. = R$ 3.016,20; AGRONOMIA = R$ 855,00 EPI
A13: 33390.30.31 - CONSUMO = SEMENTES, MUDAS DE PLANTAS E INSUMOS | H13: =SUMIF(Plan1!D$1:D$2027,"3.3.3.9.0.30.31",Plan1!M$1:M$2027) -> 33942.7 | I13: EMPENHADO R$ 992,00 | J13: 32950.7 | K13: CURSO AGRONOMIA
A14: 33390.30.35 - CONSUMO = MATERIAL LABORATORIAL (VIDRARIAS E PLÁSTICOS) | H14: =SUMIF(Plan1!D$1:D$2027,"3.3.3.9.0.30.35",Plan1!M$1:M$2027) -> 40114.78 | J14: 40116.1
A15: 33390.30.36 - CONSUMO = MATERIAL HOSPITALAR | H15: =SUMIF(Plan1!D$1:D$2027,"3.3.3.9.0.30.36",Plan1!M$1:M$2027) -> 8398.5 | J15: 8398.5
A16: 33390.30.42 - CONSUMO = FERRAMENTAS | H16: =SUMIF(Plan1!D$1:D$2027,"3.3.3.9.0.30.42",Plan1!M$1:M$2027) -> 6055.4 | J16: 6055.4
H17: =SUM(H3:H16) -> 484358.84 | I17: =H17*0.5 -> 242179.42
A20: 33390.33.05 - SERVIÇOS = TRANSPORTE DE PASSAGEIROS | H20: =SUMIF(Plan1!D$1:D$2027,"3.3.3.9.0.33.05",Plan1!M$1:M$2027) -> 220700 | J20: 30000
A21: 33390.39.01 - SERVIÇOS = ASSINATURA DE PERIÓDICOS E UNIDADES | H21: =SUMIF(Plan1!D1:D2027,"3.3.3.9.0.39.01",Plan1!M1:M2027) -> 7990 | I21: EMPENHADO
A22: 33390.39.10 - SERVIÇOS = LOCAÇÃO SALÃO | H22: =SUMIF(Plan1!D2:D2028,"3.3.3.9.0.39.10",Plan1!M2:M2028) -> 133250 | I22: EMPENHADO R$ 1.250,00 CAMPUS / 48.000,00 RECURSO PROPLAN | J22: 0
A23: 33390.39.17 - SERVIÇOS = MANUTENÇÃO BENS | H23: =SUMIF(Plan1!D1:D2027,"3.3.3.9.0.39.17",Plan1!M1:M2027) -> 68578.8 | I23: EMPENHADO R$ 300,00 ROÇADEIRA | J23: 36214.8 | K23: CURSO AGRONOMIA = R$ 33.348,00 ESTUFAS; COORD. ADM. = R$ 2.866,80 RECARGAS EXTINTORES
A24: 33390.39.43 - SERVIÇOS = ENERGIA ELÉTRICA | H24: =SUMIF(Plan1!D1:D2027,"3.3.3.9.0.39.43",Plan1!M1:M2027) -> 123600 | I24: RECURSO PROPLAN
A25: 33390.39.44 - SERVIÇOS = AGUA E ESGOTO | H25: =SUMIF(Plan1!D2:D2028,"3.3.3.9.0.39.44",Plan1!M2:M2028) -> 75600 | I25: RECURSO PROPLAN
A26: 33391.39.48 - SERVIÇOS = SERVIÇOS DE SELEÇÃO E TREINAMENTO (INTRAORÇAMENT) | H26: =SUMIF(Plan1!D2:D2028,"3.3.3.9.1.39.48",Plan1!M2:M2028) -> 900 | I26: EMPENHADO RECURSO NUDEPE
H27: =SUM(H20:H26) -> 630618.8
A30: 34490.52.04 - PERMANENTE = EQUIP MEDIÇÃO E ORIENTAÇÃO | H30: =SUMIF(Plan1!D6:D2032,"3.4.4.9.0.52.04",Plan1!M6:M2032) -> 124660.14 | J30: 74133.32 | K30: VÁRIOS CURSOS = R$ 1.935,32 PEAGÂMETROS; ENG. AGRIM. = R$ 72.198,00 ESTAÇÕES TOTAIS
A31: 34490.52.08 - PERMANENTE = EQUIPAMENTO LABORATORIAL | H31: =SUMIF(Plan1!D$2:D$2026,"3.4.4.9.0.52.08",Plan1!M$2:M$2026) -> 1465895.9 | K31: VÁRIOS CURSOS = R$ 20.466,56
A32: 34490.52.12 - PERMANENTE = UTENSÍLIOS DOMÉSTICOS | H32: =SUMIF(Plan1!D$2:D$2026,"3.4.4.9.0.52.12",Plan1!M$2:M$2026) -> 17516.46
A33: 34490.52.24 - PERMANENTE = EQUIPAMENTOS DE SEGURANÇA | H33: =SUMIF(Plan1!D$2:D$2026,"3.4.4.9.0.52.24",Plan1!M$2:M$2026) -> 6580
A34: 34490.52.30 - PERMANENTE = MAQ E EQUIP ENERGETICOS | H34: =SUMIF(Plan1!D$2:D$2026,"3.4.4.9.0.52.30",Plan1!M$2:M$2026) -> 3579
A35: 34490.52.36 - PERMANENTE = MAQ INST E UTENS ESCRITORIO | H35: =SUMIF(Plan1!D$2:D$2026,"3.4.4.9.0.52.36",Plan1!M$2:M$2026) -> 2846.8
A36: 34490.52.38 - PERMANENTE = MAQ EQUIP OFICINA | H36: =SUMIF(Plan1!D$2:D$2026,"3.4.4.9.0.52.38",Plan1!M$2:M$2026) -> 6392.42
A37: 34490.52.40 - PERMANENTE = MAQ EQUIP AGRICOLAS E RODOVIARIOS | H37: =SUMIF(Plan1!D$2:D$2026,"3.4.4.9.0.52.40",Plan1!M$2:M$2026) -> 646665
A38: 34490.52.42 - PERMANENTE = MOBILIARIOS EM GERAL | H38: =SUMIF(Plan1!D$2:D$2026,"3.4.4.9.0.52.42",Plan1!M$2:M$2026) -> 50022.8 | I38: EMPENHADO RECURSO COORD. BIBLIOTECAS
H39: =SUM(H30:H38) -> 2324158.5
H42: -3157320.4
